Map: Odyssey LE

Players

YMDYUKI

  • Race: Protoss Protoss
  • League: Diamond
  • Spawn Location: 11:00

Bourbond - Winner!

  • Race: Terran Terran
  • League: Master
  • Spawn Location: 5:00

VOD

Have the link to the VOD?

Description

Time

  • Played on: Jan. 23, 2018, 4:25 a.m.
  • Length: 23:51
Show
View Real Time Build Order
Export as new Build Order

YMDYUKI Protoss 

Build Orders: 1 Gate Expand, Oracle Opening 

Get SALT Encoding   

  12  0:00  Probe  
  13  0:13  Probe  
  14  0:19  Pylon  
  14  0:25  Probe (Chrono Boost)  
  15  0:37  Probe (Chrono Boost)  
  15  0:38  Gateway  
  16  0:46  Probe (Chrono Boost)  
  17  0:50  Assimilator  
  17  0:54  Probe  
  18  1:06  Probe  
  19  1:18  Probe  
  20  1:27  Nexus  
  20  1:40  Cybernetics Core  
  20  1:43  Probe  
  21  1:56  Probe  
  21  2:00  Assimilator  
  22  2:05  Pylon  
  22  2:08  Probe  
  23  2:16  Warp Gate  
  23  2:23  Adept (Chrono Boost)  
  23  2:26  Probe  
  25  2:38  Probe  
  25  2:43  Stalker (Chrono Boost)  
  28  2:50  Probe  
  29  2:52  Probe  
  30  2:59  Stargate  
  30  3:02  Probe  
  30  3:04  Probe  
  32  3:15  Probe  
  32  3:16  Probe  
  34  3:27  Probe  
  35  3:28  Probe, Gateway  
  35  3:30  Gateway  
  35  3:33  Pylon  
  36  3:39  Probe  
  36  3:40  Probe, Shield Battery  
  36  3:41  Oracle (Chrono Boost)  
  39  3:51  Probe, Stalker (Chrono Boost)  
  39  3:52  Probe  
  43  4:04  Probe  
  43  4:05  Pylon  
  43  4:06  Probe  
  45  4:15  Oracle  
  48  4:23  Probe x2  
  50  4:25  Assimilator  
  50  4:27  Stalker x3  
  54  4:50  Stalker x3  
  54  5:04  Probe x2  
  56  5:17  Nexus  
  56  5:19  Probe, Pylon  
  54  5:25  Probe  
  55  5:31  Probe, Stalker x2  
  55  5:32  Stalker  
  55  5:35  Robotics Facility  
  62  5:37  Probe  
  63  5:55  Zealot x3  
  69  5:57  Probe  
  70  6:04  Pylon  
  70  6:06  Twilight Council  
  70  6:07  Forge  
  70  6:10  Gateway  
  70  6:11  Gateway  
  70  6:13  Gateway  
  70  6:16  Pylon  
  70  6:22  Probe x2, Sentry  
  70  6:23  Sentry, Zealot  
  78  6:29  Probe  
  79  6:34  Probe x2  
  79  6:35  Protoss Ground Armor Level 1 (Chrono Boost)  
  79  6:36  Charge (Chrono Boost)  
  81  6:41  Probe  
  81  6:46  Probe x2  
  81  6:47  Zealot x3  
  86  6:53  Probe  
  91  6:57  Gateway  
  91  6:59  Probe  
  91  7:00  Gateway  
  92  7:06  Probe x2  
  94  7:11  Probe  
  94  7:12  Assimilator  
  95  7:18  Assimilator, Gateway  
  95  7:19  Pylon  
  95  7:20  Zealot x2, Pylon  
  95  7:21  Zealot  
  95  7:22  Pylon  
  101  7:23  Pylon  
  101  7:28  Robotics Facility  
  101  7:41  Probe x3  
  104  7:51  Immortal (Chrono Boost)  
  104  7:55  Pylon  
  104  7:56  Pylon  
  104  7:57  Stalker x2  
  112  8:11  Blink  
  112  8:16  Protoss Ground Weapons Level 1 (Chrono Boost)  
  112  8:22  Pylon  
  112  8:25  Immortal (Chrono Boost)  
  112  8:26  Immortal (Chrono Boost)  
  120  8:27  Pylon  
  120  8:31  Zealot  
  120  8:32  Zealot x7  
  134  8:52  Probe x3, Fleet Beacon  
  134  8:54  Nexus  
  137  8:56  Stargate, Pylon  
  137  9:07  Photon Cannon  
  137  9:11  Pylon  
  137  9:15  Pylon  
  137  9:16  Immortal (Chrono Boost)  
  144  9:26  Probe x3  
  144  9:29  Immortal (Chrono Boost)  
  144  9:30  Photon Cannon  
  146  9:37  Graviton Catapult (Chrono Boost)  
  146  9:42  Photon Cannon  
  146  9:44  Carrier (Chrono Boost)  
  146  9:45  Photon Cannon  
  152  9:53  Carrier (Chrono Boost)  
  152  9:59  Templar Archives  
  158  10:02  Zealot  
  159  10:08  Stalker x2  
  159  10:14  Probe x4  
  164  10:24  Photon Cannon  
  164  10:27  Nexus  
  164  10:34  Immortal  
  166  10:47  Stalker x2  
  170  10:51  Probe  
  170  10:52  Probe, Stalker x3  
  170  10:55  Protoss Air Weapons Level 1 (Chrono Boost)  
  176  11:04  Immortal  
  176  11:06  Carrier (Chrono Boost)  
  182  11:13  Stargate  
  182  11:22  Cybernetics Core  
  182  11:26  Assimilator  
  182  11:28  Pylon  
  182  11:29  Pylon  
  182  11:35  Carrier  
  185  11:58  Immortal (Chrono Boost)  
  185  11:59  Immortal (Chrono Boost)  
  190  12:08  Pylon  
  190  12:09  Probe  
  190  12:15  Gateway  
  191  12:16  Gateway  
  191  12:19  Gateway  
  191  12:20  Gateway  
  191  12:21  Probe (Chrono Boost)  
  191  12:22  Gateway  
  192  12:29  Probe x4 (Chrono Boost), Photon Cannon  
  197  12:30  Probe (Chrono Boost)  
  197  12:35  Probe (Chrono Boost)  
  197  12:41  Protoss Ground Weapons Level 2 (Chrono Boost)  
  196  12:54  Immortal (Chrono Boost)  
  196  12:56  Pylon  
  196  12:58  Pylon  
  195  13:06  Probe (Chrono Boost)  
  195  13:07  Probe x2 (Chrono Boost)  
  195  13:08  Psionic Storm  
  193  13:18  Probe (Chrono Boost)  
  196  13:21  Probe x2 (Chrono Boost)  
  196  13:24  Probe (Chrono Boost)  
  177  13:30  Carrier (Chrono Boost)  
  177  13:31  Carrier x2 (Chrono Boost)  
  177  13:32  Probe  
  182  13:44  Immortal x2  
  168  14:21  Zealot x4  
  168  14:22  Zealot  
  168  14:24  Immortal  
  182  14:27  Nexus  
  182  14:28  Pylon  
  182  14:31  Dark Shrine, Pylon  
  182  14:33  Assimilator  
  182  14:37  Assimilator  
  182  14:38  Photon Cannon, Pylon  
  182  14:41  Photon Cannon  
  182  14:44  Photon Cannon  
  182  14:46  Assimilator, Photon Cannon  
  182  14:47  Immortal  
  182  14:49  Assimilator  
  186  14:53  Carrier (Chrono Boost), Protoss Air Weapons Level 2 (Chrono Boost)  
  186  14:54  Protoss Air Armor Level 1 (Chrono Boost), Carrier (Chrono Boost)  
  190  15:21  Photon Cannon  
  190  15:24  Photon Cannon  
  190  15:25  Photon Cannon  
  190  15:27  Photon Cannon  
  190  15:29  Stalker x2  
  190  15:30  Stalker x2, Photon Cannon  
  190  15:32  Photon Cannon  
  190  15:33  Photon Cannon  
  195  15:35  Photon Cannon  
  194  15:56  Photon Cannon  
  193  16:16  Dark Templar x2  
  193  16:17  Dark Templar  
  197  16:35  Protoss Ground Weapons Level 3 (Chrono Boost)  
  193  16:46  Tempest x2 (Chrono Boost)  
  193  16:47  Tempest (Chrono Boost)  
  191  17:20  Zealot x2  
  191  17:21  Zealot x2  
  153  17:41  Stalker x2  
  153  17:42  Stalker x2  
  153  17:43  Stalker x2  
  153  17:44  Stalker x6  
  169  17:45  Stalker x2  
  181  17:51  Immortal x2 (Chrono Boost)  
  189  18:00  Robotics Facility  
  189  18:01  Robotics Facility  
  173  18:39  Probe x3  
  173  18:40  Probe x2  
  178  18:43  Protoss Air Weapons Level 3 (Chrono Boost), Protoss Air Armor Level 2 (Chrono Boost)  
  178  18:51  Dark Templar x2  
  178  18:52  Dark Templar x3, Zealot x2  
  178  18:53  Zealot x3  
  170  19:44  Zealot x6  
  170  19:45  Zealot x6  
  186  19:46  Zealot x2  
  166  20:32  Immortal  
  166  20:33  Immortal  
  168  20:40  Warp Prism  
  168  20:41  Warp Prism  
  164  20:53  High Templar x2  
  164  20:54  High Templar x6  
  164  20:55  High Templar x3  
  186  20:58  Archon  
  186  20:59  Archon x3  
  186  21:00  Archon  
  186  21:16  Carrier, Warp Prism  
  192  21:37  Carrier  
  192  21:40  Zealot x4  
  196  21:56  Dark Templar x4  
  192  22:09  Zealot  
  192  22:10  Zealot x3  
  188  22:48  Gateway  
  182  22:56  Gateway  
  182  22:57  Gateway  
  180  23:03  Gateway  
  180  23:34  Stalker  
  180  23:35  Stalker x4  
  180  23:36  Stalker x5  
  180  23:37  Stalker  
Show
View Real Time Build Order
Export as new Build Order

Bourbond Terran - Winner!

Build Orders: Cyclone Opening, Reaper Expand, Mech 

Get SALT Encoding   

  12  0:01  SCV  
  13  0:13  SCV  
  14  0:17  Supply Depot  
  14  0:25  SCV  
  15  0:30  Refinery  
  15  0:39  SCV  
  16  0:45  Barracks  
  16  0:51  SCV  
  17  1:03  SCV  
  18  1:15  SCV  
  19  1:33  Orbital Command  
  19  1:34  Reaper  
  20  1:50  Command Center  
  20  2:03  Factory  
  20  2:05  SCV  
  21  2:10  Barracks Reactor  
  21  2:14  Refinery  
  21  2:18  SCV  
  22  2:25  Supply Depot  
  22  2:30  SCV  
  23  2:46  SCV  
  24  2:55  Cyclone  
  27  2:58  SCV  
  27  3:04  Orbital Command  
  28  3:10  SCV  
  29  3:21  Cyclone  
  29  3:23  SCV  
  36  3:27  Cyclone  
  36  3:31  SCV  
  37  3:35  SCV  
  38  3:42  Supply Depot  
  38  3:49  SCV x2  
  38  3:53  Cyclone  
  43  4:00  Barracks Tech Lab  
  43  4:01  SCV  
  44  4:03  SCV  
  44  4:05  Supply Depot  
  44  4:08  Command Center  
  44  4:09  Supply Depot  
  45  4:15  SCV x2  
  47  4:27  SCV  
  48  4:35  Cyclone x2  
  50  4:41  SCV  
  48  4:59  SCV x2  
  39  5:01  Refinery  
  39  5:02  Refinery  
  39  5:07  Cyclone x2  
  39  5:11  SCV  
  43  5:18  Marine  
  42  5:24  Factory  
  40  5:31  SCV x2  
  40  5:32  Bunker  
  41  5:39  Cyclone  
  44  5:46  SCV x2  
  45  5:54  Engineering Bay, Command Center  
  45  5:55  Cyclone  
  48  5:58  SCV x2  
  50  6:10  SCV x2  
  52  6:17  Cyclone  
  58  6:18  Siege Tank  
  58  6:22  SCV  
  58  6:23  Missile Turret  
  59  6:26  Missile Turret  
  59  6:29  SCV  
  59  6:32  Supply Depot  
  60  6:38  SCV  
  61  6:41  SCV  
  61  6:42  Supply Depot  
  61  6:46  Barracks Tech Lab  
  62  6:50  SCV, Factory  
  62  6:53  SCV  
  64  6:57  Hellion, Siege Tank  
  69  7:03  SCV  
  69  7:06  SCV  
  71  7:11  Hellion  
  71  7:12  Orbital Command  
  73  7:15  SCV  
  73  7:18  Armory  
  74  7:22  Armory  
  74  7:23  SCV  
  74  7:28  SCV  
  76  7:32  Hellion  
  76  7:35  SCV  
  79  7:40  SCV  
  79  7:42  Factory  
  80  7:44  Siege Tank  
  80  7:47  Factory, Siege Tank  
  84  7:53  SCV  
  84  7:54  SCV  
  86  8:06  SCV, Hellion x2  
  86  8:10  Orbital Command  
  89  8:16  Siege Tank  
  89  8:19  Siege Tank  
  95  8:31  SCV  
  95  8:32  SCV  
  95  8:34  Refinery  
  97  8:35  Missile Turret, Refinery, Factory Reactor, Hellion x2  
  97  8:38  Factory Tech Lab  
  101  8:56  Supply Depot  
  101  8:57  SCV x3, Siege Tank  
  101  8:59  Supply Depot  
  101  9:02  Terran Vehicle Weapons Level 1  
  107  9:05  Terran Vehicle And Ship Armor Level 1  
  107  9:06  Hellion  
  109  9:14  Missile Turret  
  109  9:18  SCV x2, Hellion x3  
  109  9:20  Siege Tank  
  120  9:27  Infernal Pre-Igniter  
  120  9:30  Drilling Claws  
  116  9:33  Siege Tank x2  
  116  9:38  Supply Depot  
  122  9:39  Supply Depot  
  122  9:42  Supply Depot, SCV  
  122  9:43  SCV  
  122  9:44  Supply Depot, SCV  
  125  9:55  Sensor Tower  
  125  9:59  Siege Tank  
  132  10:00  SCV x2, Hellion, Widow Mine  
  132  10:01  Widow Mine  
  132  10:04  Hellion  
  138  10:15  Thor  
  138  10:16  Thor  
  150  10:22  Supply Depot  
  150  10:23  Supply Depot  
  150  10:29  Supply Depot  
  150  10:31  Widow Mine x3  
  150  10:33  Rapid Fire Launchers  
  156  10:38  Widow Mine  
  156  10:44  Widow Mine  
  158  10:52  Widow Mine  
  154  11:03  Terran Vehicle And Ship Armor Level 2, Terran Vehicle Weapons Level 2  
  152  11:04  Starport  
  152  11:06  Starport, Siege Tank  
  152  11:09  Command Center  
  155  11:13  Missile Turret  
  155  11:19  Supply Depot  
  155  11:21  Missile Turret  
  153  11:28  Hellion x3  
  153  11:29  Hellion, Siege Tank x2  
  153  11:32  Supply Depot  
  167  11:39  Missile Turret  
  165  11:50  Starport Reactor x2  
  163  11:56  Command Center  
  163  12:07  Fusion Core  
  163  12:08  Building Armor  
  163  12:13  Starport  
  163  12:15  Liberator x3  
  163  12:16  Liberator  
  163  12:29  Supply Depot  
  175  12:52  Starport Tech Lab  
  175  12:57  Liberator x2, Hellion x3  
  175  12:58  Liberator  
  180  13:28  Liberator x2  
  180  13:44  Missile Turret  
  180  13:45  Missile Turret  
  180  13:47  Missile Turret  
  180  13:48  Sensor Tower, Terran Ship Weapons Level 1, Terran Vehicle And Ship Armor Level 3  
  186  13:50  Planetary Fortress  
  180  14:09  Supply Depot  
  180  14:10  Supply Depot  
  180  14:11  Refinery  
  180  14:12  Refinery  
  180  14:19  Planetary Fortress  
  180  14:33  Weapon Refit, Starport x2  
  180  14:50  Viking  
  180  14:52  Corvid Reactor  
  182  14:56  Raven  
  183  15:21  SCV  
  183  15:23  SCV x2  
  183  15:27  Missile Turret x2  
  183  15:28  Missile Turret  
  186  15:29  Command Center  
  183  15:43  Starport Tech Lab x2  
  183  15:44  Raven  
  183  15:48  Terran Ship Weapons Level 2  
  185  15:55  Viking  
  185  15:56  Viking x2  
  182  15:58  Hi-Sec Auto Tracking  
  182  16:02  Missile Turret x2  
  182  16:03  SCV  
  183  16:15  Refinery  
  183  16:17  Sensor Tower  
  183  16:21  SCV x2, Refinery  
  183  16:24  Missile Turret x2  
  183  16:25  Missile Turret  
  185  16:26  Missile Turret  
  185  16:28  Missile Turret  
  185  16:31  Raven x3  
  187  16:48  Viking x2  
  187  16:53  SCV  
  192  17:00  Command Center  
  192  17:02  Missile Turret  
  192  17:03  Missile Turret  
  190  17:14  Battlecruiser, Raven  
  185  17:36  Raven  
  185  17:37  Viking x3  
  168  17:42  SCV x4  
  176  18:06  Command Center  
  176  18:07  Command Center  
  176  18:10  Raven  
  176  18:12  Viking x3  
  184  18:18  Raven  
  184  18:19  Raven  
  181  18:40  Missile Turret, Refinery, Planetary Fortress  
  181  18:44  Missile Turret  
  181  18:46  Missile Turret, Viking x2  
  185  18:53  Battlecruiser, Terran Ship Weapons Level 3  
  185  18:55  Terran Vehicle Weapons Level 3  
  191  19:03  SCV  
  191  19:09  Missile Turret  
  192  19:10  Missile Turret  
  188  19:39  Raven x2  
  188  19:42  Viking x2  
  194  19:58  Battlecruiser  
  197  20:34  Raven  
  186  20:48  Missile Turret  
  186  20:52  Refinery  
  186  20:55  Viking  
  188  21:02  Refinery  
  188  21:08  Battlecruiser  
  188  21:09  Battlecruiser  
  200  21:12  Missile Turret  
  200  21:15  Missile Turret  
  200  21:18  Missile Turret  
  200  21:19  Missile Turret  
  171  22:02  Battlecruiser  
  171  22:07  Command Center  
  174  22:36  Battlecruiser  
  180  22:38  Hellion x5  
  188  22:57  Orbital Command  
  188  23:16  SCV  
  189  23:22  Missile Turret  
Tags
 
Add a new tag
Caveats
  • Supply blocks, unpowered buildings, or Contaminate may cause inaccurate times.
  • Supply counts are checked every 10 seconds.